 Dungeon Crawl Stone Soup version 0.24.1 (webtiles) character file.

Game seed: 14008507126125154973, levelgen mode: deterministic

34082 Peloso the Peltast (level 13, -10/171 HPs)
             Began as a Minotaur Fighter on Apr 7, 2020.
             Was the Champion of Okawaru.
             Mangled by Jorgrun
             ... wielding a +0 quarterstaff of crushing
              (13 damage)
             ... on level 13 of the Dungeon.
             The game lasted 00:48:41 (19464 turns).

Peloso the Peltast (Minotaur Fighter)              Turns: 19464, Time: 00:48:42

Health: -10/171    AC: 14    Str: 31    XL:     13   Next: 40%
Magic:  10/13      EV: 11    Int:  5    God:    Okawaru [******]
Gold:   704        SH: 16    Dex: 12    Spells: 12/12 levels left

rFire    x . .     SeeInvis .   a - +9 long sword of Bloody Death {slice, Str+2}
rCold    + . .     Gourm    .   c - +1 shield
rNeg     + . .     Faith    .   C - +5 ring mail of Gireema {rPois rN+ MR+}
rPois    +         Spirit   .   (helmet restricted)
rElec    .         Reflect  .   j - scarf {repulsion}
rCorr    .         Harm     .   r - +0 pair of gloves
MR       +....                  (no boots)
Stlth    ..........             q - amulet of Posapol {+Inv Regen+ Stlth+}
HPRegen  0.78/turn              n - ring of ice
MPRegen  0.13/turn              I - ring of poison resistance

@: berserking, about to teleport, grasped by roots, constricted, repel missiles,
very quick
A: retaliatory headbutt, horns 2
a: Heroism, Finesse, Renounce Religion, Evoke Invisibility


You were on level 13 of the Dungeon.
You worshipped Okawaru.
Okawaru was exalted by your worship.
You were not hungry.

You visited 3 branches of the dungeon, and saw 18 of its levels.
You also visited: Ossuary and Bailey.

You collected 1272 gold pieces.
You spent 568 gold pieces at shops.

Inventory:

Hand Weapons
 a - the +9 long sword of Bloody Death (weapon) {slice, Str+2}
   (You found it on level 12 of the Dungeon)

   It inflicts extra damage upon your enemies.
   It affects your strength (+2).
 b - a +1 scimitar of flaming
Armour
 c - a +1 shield (worn)
 j - a scarf of repulsion (worn)
 r - a +0 pair of gloves (worn)
 s - a +0 plate armour
 A - a +0 plate armour of poison resistance
 C - the +5 ring mail of Gireema (worn) {rPois rN+ MR+}
   (You found it in a bailey)

   It protects you from poison.
   It protects you from negative energy.
   It affects your resistance to hostile enchantments.
 Q - the +3 scale mail of Fashionability {Str+5}
   (Okawaru gifted it to you on level 11 of the Dungeon)

   It affects your strength (+5).
Jewellery
 h - an uncursed amulet of the gourmand
 m - an uncursed ring of see invisible
 n - a ring of ice (left hand)
 o - an uncursed ring of protection from magic
 q - the amulet of Posapol (around neck) {+Inv Regen+ Stlth+}
   (You found it on level 4 of the Lair of Beasts)

   [amulet of regeneration]

   It lets you turn invisible.
   It increases your rate of regeneration.
   It makes you more stealthy.
 y - an uncursed ring of fire
 D - an uncursed ring of resist corrosion
 I - a ring of poison resistance (right hand)
Wands
 E - a wand of digging (5)
Scrolls
 e - 2 scrolls of magic mapping
 g - 7 scrolls of teleportation
 i - 10 scrolls of remove curse
 l - 6 scrolls of identify
 u - a scroll of blinking
 B - a scroll of acquirement
 K - 2 scrolls of fog
 L - 3 scrolls of noise
Potions
 d - 5 potions of might
 k - 2 potions of resistance
 p - 3 potions of agility
 t - a potion of experience
 v - 4 potions of haste
 w - 3 potions of flight
 x - 8 potions of curing
 z - 2 potions of berserk rage
Comestibles
 f - 34 rations


   Skills:
 + Level 10.5 Fighting
 + Level 14.6 Long Blades
 + Level 12.5 Armour
 + Level 6.2 Dodging
 + Level 1.8 Stealth
 + Level 15.1 Shields
 + Level 1.7 Invocations
 + Level 0.7 Evocations


You had 12 spell levels left.
You didn't know any spells.
Your spell library contained the following spells:

 Spells                   Type           Power        Failure   Level  Hunger
 Animate Skeleton         Necr           N/A          56%         1    ##.....
 Flame Tongue             Conj/Fire      #....        56%         1    ##.....
 Pain                     Necr           #...         56%         1    ##.....
 Throw Flame              Conj/Fire      #.....       71%         2    ###....
 Conjure Flame            Conj/Fire      #.......     90%         3    ####...
 Inner Flame              Hex/Fire       #.......     90%         3    ####...
 Regeneration             Chrm/Necr      #.........   90%         3    ####...
 Vampiric Draining        Necr           #.........   90%         3    ####...
 Animate Dead             Necr           N/A          100%        4    #####..
 Sticky Flame             Conj/Fire      #.......     100%        4    #####..
 Fireball                 Conj/Fire      #.........   100%        5    ######.


Dungeon Overview and Level Annotations

Branches:
Dungeon (13/15)            Temple (1/1) D:5            Lair (4/6) D:9
 Shoals (0/4) Lair:4       Spider (0/4) Lair:4          Orc (0/2) D:11
Ossuary (visited)          Bailey (visited)
 Vaults: D:13-14

Altars:
Ashenzari
Cheibriados
Dithmenos
Elyvilon
Fedhas
Gozag
Hepliaklqana
Kikubaaqudgha
Makhleb
Nemelex Xobeh
Okawaru
Qazlal
Ru
Sif Muna
Trog
Uskayaw
Vehumet
Wu Jian
Xom
Yredelemnul
Zin
The Shining One
Beogh

Shops:
D:5 !   D:10 !   D:11 *   D:12 [   D:13 =

Portals:
Trove: D:10 (show slimy rune of Zot)

Annotations:
D:5 1 runed translucent door, Peloso's ghost, amateur MiFi
D:13 Jorgrun
Lair:1 1 runed translucent door, qnok's ghost, journeyman TrBe
Lair:4 1 runed translucent door, Curus's ghost, journeyman MfGl


Innate Abilities, Weirdness & Mutations

You reflexively headbutt those who attack you in melee.
You have a pair of horns on your head.


Message History

You block the centaur warrior zombie's attack.
You block the basilisk's attack. You block Jorgrun's attack.
* * * LOW HITPOINT WARNING * * *
The grasping roots constrict you!
Unknown command.
You slice Jorgrun!! Your headbutt misses Jorgrun.
Jorgrun is moderately wounded.
You block the centaur warrior zombie's attack.
Unknown command.
You slash Jorgrun! Your headbutt misses Jorgrun.
Jorgrun is heavily wounded.
The basilisk bites you!
* * * LOW HITPOINT WARNING * * *
The centaur warrior zombie completely misses you.
You furiously retaliate!
You headbutt the centaur warrior zombie!
You riposte.
You slash the centaur warrior zombie!
The centaur warrior zombie is moderately damaged.
You block Jorgrun's attack.
You die...

**#..y..................Y.!...
#.............................
#.............................
#................Y............
#.................?........./.
#.............................
#.............................
***,,,.......Zl........,,,....
*,,,..!.(..@g........,,,....
****#################*,,.#..
*,,,##. *,,,*#. ******, **,
*,, *,, *,,


You could see Jorgrun, a basilisk, an ice beast and a centaur warrior zombie.

Vanquished Creatures
  An orc warlord (Bailey)
  5 hydras
  Erica (Lair:1)
  4 two-headed ogres
  Sonja (D:10)
  3 orc knights
  A wolf spider (Lair:4)
  An ugly thing (D:7)
  A cyclops (D:13)
  2 manticores (D:11)
  Joseph (Lair:1)
  6 elephants (Lair:4)
  A merfolk siren (Lair:4)
  Psyche (D:10)
  A black mamba (Lair:1)
  3 komodo dragons
  A tengu conjurer (D:13)
  2 queen bees
  A merfolk (Lair:4)
  2 hornets
  A guardian mummy (D:10)
  A polar bear (Lair:4)
  Grinder (D:3)
  5 hippogriffs
  11 yaks
  A spriggan (Lair:4)
  Grum (D:10)
  2 wyverns
  3 hungry ghosts
  A basilisk (Lair:3)
  A steam dragon (D:11)
  4 vampire mosquitoes (D:11)
  6 water moccasins
  5 porcupines
  Duvessa (D:6)
  4 ice beasts
  18 orc warriors
  4 sky beasts
  2 eyes of draining
  9 centaurs
  5 ogres
  9 wolves
  7 crocodiles
  2 big kobolds
  10 bullfrogs
  2 elf zombies (Ossuary)
  A gnoll sergeant (D:9)
  Dowan (D:6)
  A wyvern skeleton (D:13)
  5 scorpions
  36 killer bees
  6 wights
  An electric eel (Lair:3)
  10 crimson imps
  3 bullfrog zombies
  2 quasits
  3 jellies
  2 bullfrog skeletons
  11 orc wizards
  13 orc priests
  2 centaur skeletons (D:7)
  9 hounds
  3 iguanas
  Natasha (thrice) (D:3)
  10 worker ants
  A killer bee zombie (D:8)
  3 hound zombies
  A hound skeleton (D:4)
  4 mummies (Ossuary)
  2 worker ant zombies (D:11)
  19 gnolls
  9 adders
  2 shadow imps
  An ooze (D:6)
  4 adder zombies
  An adder skeleton (D:2)
  A worm (D:3)
  3 dart slugs (D:1)
  4 leopard geckos
  68 orcs
  2 ball pythons (D:3)
  7 bats
  4 giant cockroaches
  22 goblins
  26 hobgoblins
  12 jackals
  5 quokkas
  6 frilled lizards
  A gnoll zombie (Ossuary)
  A hobgoblin zombie (Ossuary)
  20 kobolds
  A kobold zombie (Ossuary)
  A leopard gecko skeleton (D:5)
  A leopard gecko zombie (D:5)
  2 orc zombies (Ossuary)
  5 rats
  A rat zombie (Ossuary)
  A fungus (Lair:1)
  A plant (Lair:1)
519 creatures vanquished.

Vanquished Creatures (others)
  An unseen horror (D:13)
  An orc wizard (D:5)
  2 fungi (Lair:1)
  A plant (Lair:2)
5 creatures vanquished.

Grand Total: 524 creatures vanquished

Notes
Turn   | Place    | Note
-------+----------+-------------------------------------------
     0 | D:1      | Peloso the Minotaur Fighter began the quest for the Orb.
     0 | D:1      | Reached XP level 1. HP: 19/19 MP: 0/0
   134 | D:1      | Reached skill level 4 in Shields
   134 | D:1      | Reached XP level 2. HP: 27/27 MP: 1/1
   394 | D:1      | Reached XP level 3. HP: 33/33 MP: 2/2
   757 | D:2      | Found a stormy altar of Qazlal.
  1009 | D:2      | Reached XP level 4. HP: 25/41 MP: 0/3
  1056 | D:2      | Found an ancient bone altar of Kikubaaqudgha.
  1069 | D:2      | Found a shimmering blue altar of Sif Muna.
  1070 | D:2      | Found a radiant altar of Vehumet.
  1072 | D:2      | Identified Kikubaaqudgha's Grimoire of Sinister Magic
  1502 | D:3      | Noticed Natasha
  1511 | D:3      | Killed Natasha
  1542 | D:3      | Reached XP level 5. HP: 38/47 MP: 4/4
  1553 | D:3      | Found a white marble altar of Elyvilon.
  1553 | D:3      | Found a shattered altar of Ashenzari.
  1553 | D:3      | Found a bloodstained altar of Trog.
  1665 | D:3      | Reached skill level 1 in Dodging
  1667 | D:3      | Noticed Grinder
  1692 | D:3      | Noticed Natasha
  1701 | D:3      | Killed Natasha
  1734 | D:3      | Noticed Natasha
  1739 | D:3      | Killed Natasha
  2136 | D:3      | Reached skill level 5 in Shields
  2162 | D:3      | Paralysed by Grinder for 3 turns
  2576 | D:3      | Reached XP level 6. HP: 52/53 MP: 2/5
  2723 | D:3      | Paralysed by Grinder for 6 turns
  2735 | D:3      | Killed Grinder
  2735 | D:3      | Reached skill level 5 in Fighting
  2735 | D:3      | Reached skill level 5 in Long Blades
  2735 | D:3      | Reached skill level 5 in Armour
  3155 | D:4      | Reached XP level 7. HP: 49/61 MP: 4/6
  3847 | D:5      | Entered Level 5 of the Dungeon
  3904 | D:5      | Found a staircase to the Ecumenical Temple.
  3915 | D:5      | Reached skill level 6 in Shields
  3934 | Temple   | Entered the Ecumenical Temple
  3979 | Temple   | Became a worshipper of Warmaster Okawaru
  4113 | D:5      | Found Olorph's Distillery.
  4116 | D:5      | Bought a potion of degeneration for 15 gold pieces
  4116 | D:5      | Bought a potion of heal wounds for 75 gold pieces
  4116 | D:5      | Bought a potion of berserk rage for 75 gold pieces
  4116 | D:5      | Bought a potion of might for 60 gold pieces
  4199 | D:5      | Found a runed translucent door.
  4199 | D:5      | Noticed a kobold demonologist
  4200 | D:5      | Noticed Peloso's ghost (amateur MiFi)
  4398 | D:5      | Reached XP level 8. HP: 65/69 MP: 7/7
  4695 | D:6      | Found a sacrificial altar of Ru.
  4702 | D:6      | Noticed a two-headed ogre
  4718 | D:6      | Killed a two-headed ogre
  4718 | D:6      | Reached * piety under Okawaru
  4718 | D:6      | Reached ** piety under Okawaru
  4718 | D:6      | Reached skill level 7 in Shields
  4865 | D:6      | Reached XP level 9. HP: 52/75 MP: 8/8
  5267 | D:6      | Found a sand-covered staircase.
  5271 | Ossuary  | Entered an ossuary
  5803 | D:6      | Found an opulent altar of Gozag.
  5843 | D:6      | Noticed Duvessa
  5843 | D:6      | Noticed Dowan
  5859 | D:6      | Killed Duvessa
  5859 | D:6      | Reached skill level 8 in Shields
  5868 | D:6      | Killed Dowan
  5868 | D:6      | Reached skill level 10 in Long Blades
  6432 | D:7      | Reached *** piety under Okawaru
  7210 | D:7      | Noticed a green ugly thing
  7228 | D:7      | Killed a green ugly thing
  7233 | D:7      | Reached XP level 10. HP: 33/84 MP: 3/9
  7551 | D:7      | Reached **** piety under Okawaru
  7893 | D:8      | Reached skill level 9 in Shields
  9048 | D:8      | Reached skill level 10 in Shields
  9048 | D:8      | Reached skill level 1 in Invocations
  9122 | D:9      | Noticed a two-headed ogre
  9181 | D:8      | Killed a two-headed ogre
  9181 | D:8      | Reached skill level 10 in Armour
  9564 | D:9      | Found a staircase to the Lair.
  9625 | D:9      | Found a sparkling altar of Nemelex Xobeh.
  9865 | D:10     | Entered Level 10 of the Dungeon
  9884 | D:10     | Noticed a two-headed ogre
  9896 | D:10     | Noticed Psyche
  9903 | D:10     | Killed a two-headed ogre
  9903 | D:10     | Reached skill level 11 in Shields
  9903 | D:10     | Reached XP level 11. HP: 47/94 MP: 3/11
  9912 | D:10     | Killed Psyche
 10188 | D:10     | Reached ***** piety under Okawaru
 10207 | D:10     | Found a stormy altar of Qazlal.
 10211 | D:10     | Noticed a two-headed ogre
 10235 | D:10     | Killed a two-headed ogre
 10265 | D:10     | Identified a scroll of acquirement
 10294 | D:10     | Received a gift from Okawaru
 10299 | D:10     | Paralysed by fainting for 6 turns
 10335 | D:10     | Noticed Sonja
 10704 | D:10     | Killed Sonja
 10971 | D:10     | Found Qexada's Distillery.
 10977 | D:10     | Bought a potion of cancellation for 120 gold pieces
 10977 | D:10     | Bought a potion of might for 60 gold pieces
 10977 | D:10     | Bought a potion of berserk rage for 75 gold pieces
 11048 | D:10     | Noticed Grum
 11073 | D:10     | Killed Grum
 11454 | D:10     | Found a portal to a secret trove of treasure.
 11471 | D:10     | Reached skill level 12 in Shields
 11594 | D:11     | Found Mecweaff's General Store.
 11597 | D:11     | Bought a potion of mutation for 88 gold pieces
 11931 | D:11     | Received a gift from Okawaru
 12224 | D:11     | Noticed an orc knight
 12270 | D:11     | Killed an orc knight
 12270 | D:11     | Received a gift from Okawaru
 12308 | D:11     | Got a pitted scale mail {god gift}
 12459 | D:11     | Identified the +3 scale mail of Fashionability {Str+5}
                  | (Okawaru gifted it to you on level 11 of the Dungeon)
 12507 | D:11     | Found a staircase to the Orcish Mines.
 12508 | D:11     | Found a roughly hewn altar of Beogh.
 12577 | D:11     | Reached XP level 12. HP: 93/103 MP: 10/12
 12675 | D:12     | Reached skill level 1 in Stealth
 12786 | D:12     | Found Weapumuh's Armour Shop.
 12892 | D:12     | Got a bloodstained long sword
 12893 | D:12     | Identified the +9 long sword of Bloody Death {slice, Str+2}
                  | (You found it on level 12 of the Dungeon)
 13181 | Lair:1   | Entered Level 1 of the Lair of Beasts
 13323 | Lair:1   | Noticed Joseph
 13332 | Lair:1   | Killed Joseph
 13466 | Lair:1   | Noticed qnok's ghost (journeyman TrBe)
 13469 | Lair:1   | Found a runed translucent door.
 13546 | Lair:1   | Noticed Erica
 13552 | Lair:1   | Killed Erica
 13552 | Lair:1   | Reached skill level 13 in Shields
 13798 | Lair:1   | Noticed an eight-headed hydra
 13808 | Lair:1   | Killed a four-headed hydra
 14725 | Lair:2   | Noticed a four-headed hydra
 14733 | Lair:2   | Killed a one-headed hydra
 15349 | Lair:3   | Noticed a seven-headed hydra
 15360 | Lair:3   | Killed a two-headed hydra
 15360 | Lair:3   | Reached skill level 5 in Dodging
 16710 | Lair:4   | Got a scintillating brass amulet
 16711 | Lair:4   | Identified the amulet of Posapol {+Inv Regen+ Stlth+} (You
                  | found it on level 4 of the Lair of Beasts)
 16881 | Lair:4   | Found a hole to the Spider Nest.
 16908 | Lair:4   | Noticed a four-headed hydra
 16916 | Lair:4   | Killed a one-headed hydra
 16916 | Lair:4   | Reached skill level 14 in Shields
 17026 | Lair:4   | Found a staircase to the Shoals.
 17070 | Lair:4   | Reached ****** piety under Okawaru
 17079 | Lair:4   | Reached XP level 13. HP: 66/113 MP: 13/13
 17181 | Lair:4   | Reached skill level 10 in Fighting
 17245 | Lair:4   | Received a gift from Okawaru
 17472 | Lair:4   | Found a runed translucent door.
 17473 | Lair:4   | Found a shimmering altar of Xom.
 17473 | Lair:4   | Noticed Curus's ghost (journeyman MfGl)
 17894 | D:13     | Found Toimoed's Jewellery Boutique.
 17899 | D:13     | Received a gift from Okawaru
 17949 | D:13     | Found a flagged portal.
 17965 | Bailey   | Entered a bailey
 18590 | Bailey   | Noticed an orc warlord
 18609 | Bailey   | Killed an orc warlord
 18614 | Bailey   | Reached skill level 15 in Shields
 18930 | Bailey   | Got a smelly ring mail
 18931 | Bailey   | Identified the +5 ring mail of Gireema {rPois rN+ MR+} (You
                  | found it in a bailey)
 19071 | D:13     | Noticed Jorgrun
 19464 | D:13     | HP: 3/171 [basilisk (8)]
 19464 | D:13     | Mangled by Jorgrun

Levels and vault maps discovered:
D:1:      dpeg_arrival_snail, layout_basic
D:2:      layout_loops_ring, grunt_temple_overflow_magic_moments,
          nicolae_qazlal_eye_of_the_storm, first_ration
D:3:      layout_loops_cross, gammafunk_temple_overflow_forgotten,
          minmay_misc_feat_pillars, uniq_natasha, uniq_grinder
D:4:      layout_loops_ring
D:5:      layout_loops_ring, minmay_temple_entry_statues_fountains,
          serial_shops, kennysheep_mini, ebering_ghost_inner_flame
D:6:      layout_gridville, nicolae_gozag_cash_rules_everything_around_me,
          overflow_temple_1_default, nicolae_ossuary_entry_plus, uniq_duvessa
D:7:      layout_basic, minmay_small_thing
D:8:      layout_cave_pools
D:9:      layout_basic, overflow_temple_1_default, lair_entry_dummy,
          david_nohive_1
D:10:     layout_long_grid, basic_altar, serial_shops, nicolae_shop_waterfront,
          nicolae_trove_entry_path_of_doom, kennysheep_generic_room_4,
          uniq_psyche, uniq_sonja, uniq_grum
D:11:     layout_basic, david_orc_5, serial_shops, kennysheep_mini_moat
D:12:     layout_rooms, serial_shops, shop, hex_medium
D:13:     layout_cross, lightli_vaults_fourway_checkpoint, serial_shops,
          shop_fountains, enter_bailey_7, uniq_jorgrun
Temple:   nicolae_temple_hex_pool
Lair:1:   layout_cave_pods, hellmonk_ghost_happy_afterlife, lemuel_fruit_tree,
          grunt_megastairs_5, uniq_erica, uniq_joseph
Lair:2:   layout_hall_layers, grunt_megastairs_1
Lair:3:   layout_concentric_octagons, special_room [special_room_bee],
          infiniplex_staircase_pool, grunt_megastairs_2
Lair:4:   layout_misc_corridors, elwin_shoals_entry_rooms,
          spider_nest_entry_rubble, ebering_ghost_xom,
          grunt_forest_large_clearing_hut

Skill      XL: |  1  2  3  4  5  6  7  8  9 10 11 12 13 |
---------------+----------------------------------------+-----
Shields        | 4 5 6 7 8 11 12 14 15 | 15.1
Fighting       | 4 5 6 7 8 9 10 | 10.5
Armour         | 4 5 7 8 9 10 11 12 | 12.5
Long Blades    | 3 4 5 6 8 10 12 13 14 | 14.6
Dodging        | 1 2 3 4 5 6 |  6.2
Invocations    | 1 |  1.7
Stealth        | 1 |  1.8
Evocations     | |  0.7

Action                   |  1- 3 |  4- 6 |  7- 9 | 10-12 | 13-15 || total
-------------------------+-------+-------+-------+-------+-------++-------
Melee: Long sword        |    73 |   115 |   395 |   948 |   214 ||  1745
       Headbutt          |    13 |    17 |    93 |   236 |    62 ||   421
       Scimitar          |       |       |       |    24 |     8 ||    32
Invok: Heroism           |       |       |     7 |    12 |     3 ||    22
Evoke: Wand              |       |       |       |     5 |       ||     5
  Use: Potion            |       |     3 |       |       |     2 ||     5
       Scroll            |       |     2 |     9 |    10 |     9 ||    30
 Stab: Sleeping          |       |       |       |       |     1 ||     1
  Eat: Chunk             |       |     7 |    13 |    21 |    22 ||    63
       Ration            |       |       |       |     5 |       ||     5
Armor: Scale mail        |    39 |    54 |       |    77 |    84 ||   254
       Chain mail        |       |    10 |   181 |    45 |       ||   236
       Plate armour      |       |       |       |   293 |       ||   293
       Ring mail         |       |       |       |       |    32 ||    32
Dodge: Dodged            |    31 |    40 |   140 |   357 |    85 ||   653
Block: Shield            |    32 |    71 |   235 |   780 |   219 ||  1337
       Rpst.: Long sword |     9 |     9 |    30 |    93 |    15 ||   156
       Scimitar          |       |       |       |     1 |       ||     1
